 Dungeon Crawl Stone Soup version 0.19-a0-926-g4486784 (webtiles) character file.

3841 Gagarin the Thaumaturge (level 9, -8/46 HPs)
             Began as a Deep Elf Summoner on July 6, 2016.
             Was a Believer of Ru.
             Mangled by a merfolk
             ... wielding a +0 spear
              (22 damage)
             ... on level 9 of the Dungeon.
             The game lasted 01:15:48 (10806 turns).

Gagarin the Thaumaturge (Deep Elf Summoner)        Turns: 10806, Time: 01:15:49

Health: -8/46      AC:  4    Str:  8    XL:     9   Next: 98%
Magic:  3/27       EV:  7    Int: 21    God:    Ru [**....]
Gold:   599        SH:  0    Dex: 15    Spells: 8 memorised, 7 levels left

rFire  . . .     SeeInvis .     G - staff of conjuration
rCold  . . .     Gourm    .     R - +2 robe {rN+}
rNeg   + . .     Faith    .     (no shield)
rPois  .         Spirit   .     (no helmet)
rElec  .         Dismiss  .     (no cloak)
rCorr  .         Reflect  .     (no gloves)
SustAt .         Harm     .     (no boots)
MR     .....                    (no amulet)
Stlth  ++........               (no ring)
                                (no ring)

@: very slightly contaminated, held, not resistant to hostile enchantments,
unstealthy
A: magic vulnerability 1, missing an eye
a: Renounce Religion


You were on level 9 of the Dungeon.
You worshipped Ru.
Ru was pleased with you.
You were hungry.

You visited 2 branches of the dungeon, and saw 10 of its levels.
You also visited: Ossuary.

You collected 599 gold pieces.

Inventory:

Hand Weapons
 z - a +1 short sword of speed
 P - a +1 dagger of chaos
 S - a +3 dagger of chaos
 V - a +1 shortbow of freezing
Missiles
 m - 190 arrows
 q - 21 poisoned needles
 r - 2 needles of confusion
Armour
 a - a +0 robe
 F - the cursed +1 leather armour of the Bruised Deaths {Dex+7}
   (You found it on level 6 of the Dungeon)

   It affects your dexterity (+7).
   It has a curse placed upon it.
 M - the +1 chain mail of the Onion {rElec rC+ Dex-5}
   (You found it on level 6 of the Dungeon)

   It affects your dexterity (-5).
   It protects you from cold.
   It insulates you from electricity.
 R - a +2 robe of positive energy (worn)
Magical Staves
 G - an uncursed staff of conjuration (weapon)
Wands
 u - a wand of flame (9/48)
 B - a wand of iceblast (7/15)
 C - a wand of iceblast (7/15)
 I - a wand of hasting (0/9)
 L - a wand of polymorph (6/24)
 W - a wand of slowing (19/48)
Scrolls
 e - a scroll of enchant weapon
 f - a scroll of fear
 g - 5 scrolls of identify
 h - 2 scrolls of noise {unknown}
 k - a scroll of enchant armour {unknown}
 n - 7 scrolls of remove curse
 p - 3 scrolls of fog {unknown}
 s - 2 scrolls of recharging {unknown}
 t - 3 scrolls of magic mapping {unknown}
 y - 2 scrolls of amnesia {unknown}
 A - a scroll of blinking {unknown}
 H - 2 scrolls of silence {unknown}
 K - 2 scrolls of teleportation {unknown}
 N - a scroll of immolation {unknown}
 T - a scroll of random uselessness {unknown}
Potions
 d - 2 potions of invisibility
 j - 5 potions of degeneration
 l - 2 potions of lignification
 o - a potion of mutation {unknown}
 v - 2 potions of haste {unknown}
 x - 2 potions of heal wounds {unknown}
 E - 2 potions of cancellation
 J - 2 potions of ambrosia {unknown}
 O - a potion of flight {unknown}
Books
 b - a book of Callings

   Spells                             Type                      Level
   a - Summon Small Mammal            Summoning                    1
   b - Call Imp                       Summoning                    2
   c - Call Canine Familiar           Summoning                    3
   d - Summon Guardian Golem          Hexes/Summoning              3
   e - Summon Lightning Spire         Summoning/Air                4
   f - Summon Ice Beast               Ice/Summoning                4
 Q - a Fen Folio

   Spells                             Type                      Level
   a - Corpse Rot                     Necromancy                   2
   b - Stone Arrow                    Conjuration/Earth            3
   c - Leda's Liquefaction            Hexes/Earth                  4
   d - Summon Forest                  Summoning/Translocation      5
   e - Hydra Form                     Transmutation                6
   f - Summon Hydra                   Summoning                    7
Comestibles
 c - 4 bread rations
 i - 2 meat rations
 U - a beef jerky


   Skills:
 + Level 0.7 Fighting
 + Level 2.2 Bows
 + Level 3.6 Dodging
 + Level 3.5 Stealth
 + Level 12.0 Spellcasting
 + Level 0.4 Conjurations
 + Level 4.8 Hexes
 + Level 10.1 Summonings
 + Level 3.1 Translocations
 + Level 2.7 Ice Magic
 + Level 0.4 Air Magic
 + Level 0.4 Evocations


You had 7 spell levels left.
You knew the following spells:

 Your Spells              Type           Power        Failure   Level  Hunger
a - Summon Small Mammal   Summ           ####         1%          1    None
b - Call Imp              Summ           ######..     1%          2    None
c - Summon Guardian Gole  Hex/Summ       #####...     1%          3    None
d - Summon Lightning Spi  Summ/Air       ####....     8%          4    None
e - Call Canine Familiar  Summ           ######..     1%          3    None
f - Summon Ice Beast      Ice/Summ       #####...     4%          4    None
g - Summon Forest         Summ/Tloc      #####.....   12%         5    ####...
h - Stone Arrow           Conj/Erth      ###...       17%         3    None


Dungeon Overview and Level Annotations

Branches:
Dungeon (9/15)             Temple (1/1) D:6             Orc (0/2) D:9
   Lair: D:8-11

Altars:
Ashenzari
Cheibriados
Dithmenos
Elyvilon
Fedhas
Gozag
Hepliaklqana
Kikubaaqudgha
Makhleb
Nemelex Xobeh
Okawaru
Pakellas
Qazlal
Ru
Sif Muna
Trog
Uskayaw
Vehumet
Xom
Yredelemnul
Zin
The Shining One
Lugonu

Shops:
D:6 [


Innate Abilities, Weirdness & Mutations

You are slightly vulnerable to magic. (MR-)
You are missing an eye, making it more difficult to aim.


Message History

Your crimson imp closely misses the worker ant.
Casting: Summon Ice Beast
Confirm with . or Enter, or press ? or * to list all spells.
Aiming: Stone Arrow
Press: ? - help, Shift-Dir - straight line, f - worker ant
Aim: a worker ant (moderately wounded, softly glowing)
You feel a surge of power!
The stone arrow hits the worker ant.
The worker ant is heavily wounded.
You feel sick.
Your wolf splashes around in the water.
The worker ant bites you but does no damage.
Your wolf barely misses the worker ant.
The merfolk hits you from afar with a spear!!
* * * LOW HITPOINT WARNING * * *
The orc barely misses your ice beast.
Your ice beast closely misses the orc.
Your crimson imp hits the worker ant.
You feel better.
Your wolf bites the worker ant but does no damage.
The worker ant bites you but does no damage.
The merfolk hits you from afar with a spear!!
You die...

.......## ####..# +...........
........###.....# #...........
.###.........##.##♣###...........
##.÷......####..##.[[..........
###..........# #..#..♣...........
#.#.#...###..# ##.o..♣).......)..
........# #♣..###Ym..............
....#...# #≈5##R...♣.♣..)......
>.......## ♣≈.a@8.....##........
....#....####≈≈≈h≈#....###.......
.....##...#♣.≈≈≈.#♣#....##.......
....###.##....≈≈♣♣ #.##..........
.....##.###..≈≈≈# ..# ##........
#.#.#...###..≈.≈# .## #........
##....##..#..♣..##.# #........
.#..### #..........# #........
....# #...<......# #.####...


You could see a merfolk, a worker ant, an orc, a friendly dryad, a friendly
guardian golem, a friendly ice beast, a friendly wolf and a friendly crimson
imp.

Vanquished Creatures
  A phantom (D:5)
  4 killer bees (D:8)
  A human zombie (Ossuary)
  A hound (D:8)
  An orc wizard (D:6)
  Terence (D:2)
  3 adders
  3 giant geckos
  3 orcs
  A hobgoblin (D:3)
  A hobgoblin zombie (Ossuary)
  A rat (D:3)
  A rat zombie (Ossuary)
22 creatures vanquished.

Vanquished Creatures (collateral kills)
  Erolcha (D:8)
  Psyche (D:8)
  2 polar bears (D:9)
  Grinder (D:3)
  A yak (D:9)
  A hog (D:9)
  Grum (D:8)
  A hippogriff (D:8)
  3 orc warriors
  An ice beast (D:8)
  2 sky beasts
  2 black bears
  A necrophage (D:8)
  3 wolves (D:8)
  2 ogres
  A phantom (D:5)
  3 centaurs
  An elf zombie (Ossuary)
  5 giant frogs
  A wyvern skeleton (D:7)
  2 scorpions (D:5)
  5 killer bees (D:8)
  7 wights
  2 crimson imps
  A human zombie (Ossuary)
  A quasit (D:5)
  4 hounds
  10 orc wizards
  3 orc priests
  A giant frog skeleton (D:5)
  3 centaur skeletons
  Natasha (thrice) (D:3)
  6 iguanas
  6 worker ants
  A sheep (D:9)
  A hound zombie (D:9)
  A hound skeleton (D:5)
  3 mummies (Ossuary)
  2 worker ant zombies
  4 gnolls (D:4)
  13 adders
  A shadow imp (D:8)
  3 oozes
  2 adder skeletons
  5 adder zombies
  A worm (D:3)
  A dart slug (D:2)
  4 giant geckos
  29 orcs
  2 bats
  6 giant cockroaches
  6 goblins
  8 hobgoblins
  4 jackals
  5 kobolds
  7 quokkas
  A ball python (D:3)
  2 giant newts
  3 goblin zombies (Ossuary)
  A hobgoblin zombie (Ossuary)
  4 kobold zombies (Ossuary)
  A quokka skeleton (D:8)
  3 quokka zombies
  4 rats
  A rat zombie (Ossuary)
217 creatures vanquished.

Vanquished Creatures (others)
  A death yak (D:9)
  A centaur (D:8)
  57 snaplasher vine segments (D:8)
59 creatures vanquished.

Grand Total: 298 creatures vanquished

Notes
Turn   | Place    | Note
-------+----------+-------------------------------------------
     0 | D:1      | Gagarin the Deep Elf Summoner began the quest for the Orb.
     0 | D:1      | Reached XP level 1. HP: 10/10 MP: 6/6
   535 | D:2      | Reached XP level 2. HP: 7/15 MP: 3/8
   555 | D:2      | Learned a level 2 spell: Call Imp
   876 | D:2      | Reached skill level 5 in Summonings
   933 | D:2      | Reached XP level 3. HP: 19/19 MP: 10/10
  1023 | D:2      | Noticed Terence
  1051 | D:2      | Killed Terence
  1051 | D:2      | Reached skill level 4 in Spellcasting
  1267 | D:2      | Learned a level 3 spell: Summon Guardian Golem
  2095 | D:3      | Noticed Grinder
  2138 | D:3      | Killed Grinder
  2138 | D:3      | Reached skill level 5 in Spellcasting
  2138 | D:3      | Reached skill level 1 in Hexes
  2138 | D:3      | Reached XP level 4. HP: 24/24 MP: 1/13
  2138 | D:3      | Reached XP level 5. HP: 28/28 MP: 1/14
  2250 | D:3      | Noticed Natasha
  2258 | D:3      | Killed Natasha
  2486 | D:3      | Noticed Natasha
  2504 | D:3      | Killed Natasha
  2832 | D:3      | Noticed Natasha
  2841 | D:3      | Killed Natasha
  2841 | D:3      | Reached skill level 6 in Spellcasting
  2935 | D:4      | Learned a level 4 spell: Summon Lightning Spire
  2939 | D:4      | Learned a level 3 spell: Call Canine Familiar
  2980 | D:4      | Found a sand-covered staircase.
  3000 | Ossuary  | Entered an ossuary
  3059 | Ossuary  | Reached XP level 6. HP: 21/32 MP: 3/17
  3873 | D:4      | Reached skill level 7 in Spellcasting
  4430 | D:4      | Found a white marble altar of Elyvilon.
  4431 | D:4      | Found a sacrificial altar of Ru.
  4434 | D:4      | Found a hide-covered altar of Uskayaw.
  4448 | D:4      | Found a shadowy altar of Dithmenos.
  4448 | D:4      | Found an oddly glowing altar of Pakellas.
  4448 | D:4      | Found an iron altar of Okawaru.
  4451 | D:4      | Found a bloodstained altar of Trog.
  4452 | D:4      | Found a shattered altar of Ashenzari.
  4453 | D:4      | Found an ancient bone altar of Kikubaaqudgha.
  4471 | D:4      | Became a worshipper of Ru the Awakened
  4595 | D:5      | Entered Level 5 of the Dungeon
  4637 | D:5      | Reached XP level 7. HP: 36/36 MP: 7/20
  5266 | D:5      | Reached skill level 8 in Spellcasting
  5714 | D:5      | Learned a level 4 spell: Summon Ice Beast
  5862 | D:6      | Got a steaming leather armour
  5863 | D:6      | Identified the cursed +1 leather armour of the Bruised Deaths {Dex+7} (You found it on level 6 of the Dungeon)
  5963 | D:6      | Found Popuin's Antique Armour Shoppe.
  6062 | D:6      | Found a staircase to the Ecumenical Temple.
  6079 | Temple   | Entered the Ecumenical Temple
  6290 | D:6      | Gained mutation: You are slightly vulnerable to magic. (MR-) [Ru sacrifice]
  6290 | D:6      | Reached * piety under Ru
  6409 | D:6      | Found a deep blue altar of Sif Muna.
  6588 | D:6      | Got a faintly humming chain mail
  6589 | D:6      | Identified the +1 chain mail of the Onion {rElec rC+ Dex-5} (You found it on level 6 of the Dungeon)
  6811 | D:7      | Reached skill level 9 in Spellcasting
  6823 | D:7      | Reached skill level 1 in Bows
  6823 | D:7      | Reached XP level 8. HP: 41/41 MP: 4/23
  7993 | D:7      | Reached skill level 1 in Ice Magic
  8039 | D:7      | Learned a level 5 spell: Summon Forest
  8340 | D:7      | Found a glowing silver altar of Zin.
  8374 | D:7      | Reached skill level 1 in Translocations
  8475 | D:8      | Noticed Psyche
  8497 | D:8      | Killed Psyche
  8497 | D:8      | Reached skill level 10 in Spellcasting
  8660 | D:8      | Noticed Erolcha
  9090 | D:8      | Killed Erolcha
  9090 | D:8      | Reached XP level 9. HP: 17/46 MP: 1/25
  9356 | D:8      | Learned a level 3 spell: Stone Arrow
  9365 | D:8      | Found a burning altar of Makhleb.
  9367 | D:8      | Found a shimmering altar of Xom.
  9498 | D:8      | Reached skill level 11 in Spellcasting
  9786 | D:8      | Noticed Grum
  9797 | D:8      | Killed Grum
 10242 | D:9      | Found a staircase to the Orcish Mines.
 10263 | D:9      | Found an opulent altar of Gozag.
 10263 | D:9      | Found a sparkling altar of Nemelex Xobeh.
 10334 | D:9      | Gained mutation: You are missing an eye, making it more difficult to aim. [Ru sacrifice]
 10334 | D:9      | Reached ** piety under Ru
 10408 | D:9      | Found a huge runed gate.
 10408 | D:9      | Noticed a polar bear
 10409 | D:9      | Noticed a death yak
 10410 | D:9      | Noticed a polar bear
 10410 | D:9      | Found a huge runed gate.
 10411 | D:9      | Found a huge runed gate.
 10412 | D:9      | Noticed a polar bear
 10412 | D:9      | Noticed a polar bear
 10413 | D:9      | Found a huge runed gate.
 10465 | D:9      | Killed a polar bear
 10465 | D:9      | Reached skill level 10 in Summonings
 10465 | D:9      | Killed a death yak
 10465 | D:9      | Reached skill level 12 in Spellcasting
 10469 | D:9      | Killed a polar bear
 10797 | D:9      | Noticed a merfolk
 10806 | D:9      | Mangled by a merfolk

Vault maps used:
D:1:      dpeg_arrival_oval, serial_bayou_pond_d
D:2:      first_bread, minmay_tripent, uniq_terence
D:3:      uniq_grinder, uniq_natasha
D:4:      minitemple, enter_ossuary_5, minmay_misc_feat_diagonals
D:5:      minmay_joined_circles
D:6:      lemuel_round_altar, serial_shops, nicolae_shop_waterfront,
          grunt_ministairs_1, minivault_23, kennysheep_small_square
D:7:      zin_statuary
D:8:      grunt_temple_overflow_champion_of_chaos, uniq_psyche, uniq_erolcha,
          uniq_grum
D:9:      lemuel_bear_cage, grunt_temple_overflow_opulence, lair_0_dummy,
          orc_0_dummy, hangedman_fish_farm, st_stairs_4
Temple:   corrupted_temple
Ossuary:  ossuary_minmay_chase

Skill      XL: |  1  2  3  4  5  6  7  8  9 |
---------------+----------------------------+-----
Summonings     | 5 6 7 8 10 | 10.1
Spellcasting   | 5 6 7 9 10 12 | 12.0
Hexes          | 1 2 3 4 |  4.8
Stealth        | 3 |  3.5
Dodging        | 3 |  3.6
Bows           | 1 2 |  2.2
Ice Magic      | 1 2 |  2.7
Translocations | 2 3 |  3.1
Fighting       | |  0.7
Conjurations   | |  0.4
Air Magic      | |  0.4
Evocations     | |  0.4

Action                   |  1- 3 |  4- 6 |  7- 9 || total
-------------------------+-------+-------+-------++-------
Melee: Dagger            |     4 |       |       ||     4
       Short sword       |     5 |    25 |    15 ||    45
 Fire: Shortbow          |       |       |    27 ||    27
 Cast: Summon Small Mamm |    30 |    11 |     8 ||    49
       Call Imp          |    20 |    41 |    69 ||   130
       Summon Guardian G |     5 |    25 |    67 ||    97
       Call Canine Famil |       |    10 |    46 ||    56
       Summon Ice Beast  |       |       |    25 ||    25
       Summon Lightning  |       |       |     5 ||     5
       Summon Forest     |       |       |     4 ||     4
       Stone Arrow       |       |       |     9 ||     9
Invok: Sacrifice Essence |       |       |     1 ||     1
       Sacrifice an Eye  |       |       |     1 ||     1
Evoke: Wand              |       |     6 |     9 ||    15
  Use: Scroll            |     3 |     1 |     6 ||    10
       Potion            |       |       |     4 ||     4
 Stab: Sleeping          |     2 |       |       ||     2
       Distracted        |     1 |       |       ||     1
  Eat: Chunk             |     4 |     6 |    21 ||    31
       Pizza             |       |     1 |       ||     1
       Fruit             |       |       |     1 ||     1
Armor: Robe              |     3 |     4 |    17 ||    24
Dodge: Dodged            |    14 |    44 |    53 ||   111
